AoeStats
← vitor_age2

Arena

509088238Analyzed
1v1 RM · 5d ago on Sep 25, 2026· 62m 15s· 2 players
Game mode
Random Map
Map size
Tiny (2 player)
Population
200
Speed
Normal
Resources
Standard
Victory
Conquest
Starting age
Dark Age
Ending age
Imperial Age
RankedLock teamsTeams togetherTeam positionsShared explorationLock speedFull tech treeHidden civsTurbo modeCheats
Victory
Defeat
🇦🇷 Poles · Argentina
742
+17
🇧🇷 Turks · Brazil
757
-17
DANY LUGA
7:41 Loom
11:02 Feudal Age
16:48 Castle Age
14:57 Double-Bit Axe
15:05 Horse Collar
16:04 Gold Mining
16:04 Stone Mining
18:47 Bow Saw
18:44 Heavy Plow
22:55 Wheelbarrow
22:13 Fletching
22:26 Padded Archer Armor
22:48 Elite Skirmisher
23:54 Town Watch
27:42 Ballistics
29:39 Leather Archer Armor
35:20 Imperial Age
33:23 Bodkin Arrow
33:29 Scale Mail Armor
35:40 Forging
35:45 Chain Mail Armor
37:33 Chemistry
38:03 Bracer
40:48 Bloodlines
41:10 Crossbowman
41:34 Pikeman
44:13 Squires
43:58 Arson
44:42 Thumb Ring
46:09 Iron Casting
47:54 Plate Mail Armor
47:34 Arbalester
49:19 Hand Cart
50:27 Blast Furnace
vitor_age2
10:39 Feudal Age
15:54 Castle Age
14:21 Double-Bit Axe
16:47 Loom
17:01 Horse Collar
26:17 Ballistics
35:26 Imperial Age
33:51 Wheelbarrow
34:41 Bow Saw
35:23 Hand Cart
35:59 Scale Barding Armor
36:07 Forging
36:22 Bloodlines
40:47 Chain Barding Armor
41:24 Iron Casting
41:19 Heavy Camel Rider
42:26 Husbandry
42:35 Town Watch
42:59 Heavy Plow
43:01 Gold Mining
43:01 Stone Mining
44:07 Murder Holes
45:09 Padded Archer Armor
47:13 Plate Barding Armor
47:40 Blast Furnace
46:56 Leather Archer Armor
47:43 Masonry
49:54 Fletching
51:19 Gold Shaft Mining
Connection lost

Rejoining the realm…

Still unreachable

The connection could not be restored.

Session expired

The server has moved on; the page needs a fresh start.